Description

test

VOD

https://www.youtube.com/watch?v=Z_gPUJarjCc

Replay - Guide - How to play Terran vs Terran in 2020! by Beastyqt

Build Order

Get SALT Encoding   

  12  0:00  SCV  
  13  0:13  SCV  
  14  0:18  Supply Depot  
  14  0:25  SCV  
  15  0:40  SCV  
  15  0:41  Barracks  
  16  0:45  Refinery  
  16  0:52  SCV  
  17  1:04  SCV  
  18  1:16  SCV  
  19  1:28  Reaper, Orbital Command  
  20  1:43  Command Center  
  20  1:52  Supply Depot  
  20  1:54  SCV  
  20  2:00  Marine  
  22  2:07  SCV  
  23  2:12  Factory  
  23  2:19  SCV, Bunker  
  24  2:28  Barracks Reactor  
  24  2:29  Refinery  
  24  2:31  SCV  
  25  2:43  SCV  
  26  2:56  Starport  
  26  2:58  SCV  
  26  3:00  Orbital Command  
  26  3:03  Factory Tech Lab  
  27  3:06  Marine x2  
  27  3:10  SCV  
  30  3:15  Supply Depot  
  30  3:22  SCV x2  
  30  3:23  Marine x2, Cyclone  
  37  3:32  Starport Tech Lab  
  42  3:34  Refinery  
  37  3:35  SCV x2  
  39  3:41  Supply Depot  
  39  3:43  Marine x2  
  39  3:47  SCV x2  
  42  3:59  SCV x2  
  42  4:00  Raven  
  46  4:04  Marine x2  
  46  4:08  Supply Depot  
  48  4:11  SCV x2  
  50  4:23  SCV x2, Marine x2, Siege Tank  
  57  4:34  Supply Depot x2  
  57  4:35  SCV x2  
  59  4:47  SCV x2  
  59  4:50  Command Center  
  61  4:55  Viking, Siege Tank  
  61  4:59  SCV x2  
  67  5:00  Viking  
  67  5:04  Marine, Refinery  
  71  5:09  Stimpack  
  71  5:11  SCV x2  
  71  5:13  Supply Depot  
  73  5:23  SCV x2  
  73  5:24  Viking, Marine  
  78  5:30  Viking  
  80  5:38  SCV x2  
  80  5:40  Siege Tank, Barracks x2  
  85  5:43  Marine  
  85  5:49  Supply Depot x2  
  86  5:54  Viking  
  90  6:00  Viking  
  90  6:02  Engineering Bay x2  
  90  6:03  SCV x2  
  91  6:11  Marine  
  92  6:12  Siege Tank  
  92  6:15  SCV  
  97  6:23  SCV  
  98  6:29  Barracks x2  
  98  6:31  SCV  
  103  6:39  Barracks Reactor x2  
  99  6:41  Viking x2  
  99  6:42  SCV x2  
  99  6:44  Siege Tank  
  99  6:45  Orbital Command  
  108  6:52  Marine  
  109  6:54  SCV x2, Terran Infantry Weapons Level 1  
  109  6:57  Supply Depot x2  
  109  6:58  Terran Infantry Armor Level 1  
  111  7:06  SCV x3  
  112  7:10  Marine, Supply Depot x2  
  112  7:14  Refinery x2  
  115  7:17  Siege Tank  
  115  7:18  SCV x2, Barracks Reactor x2  
  120  7:23  Marine x5  
  120  7:24  Supply Depot  
  120  7:25  SCV x2  
  126  7:34  SCV x2  
  126  7:35  Medivac x2  
  133  7:44  Marine x4  
  133  7:46  Combat Shield  
  133  7:50  Marine  
  133  7:51  Supply Depot x2  
  138  7:53  Siege Tank  
  138  7:54  SCV  
  144  8:01  Marine x4  
  144  8:02  Armory, Supply Depot  
  146  8:10  Medivac  
  146  8:11  Marine x4  
  150  8:17  Marine, Medivac  
  155  8:23  Marine x2  
  155  8:25  Siege Tank  
  160  8:29  Marine x4  
  160  8:30  Supply Depot  
  160  8:31  Barracks, Command Center  
  164  8:35  Factory  
  164  8:39  Marine x4  
  166  8:44  Medivac x2  
  166  8:45  Marine x2  
  166  8:48  SCV x2  
  175  8:49  Supply Depot  
  175  8:50  Marine x2  
  178  9:04  Marine x6  
  184  9:12  Missile Turret x3  
  184  9:18  Sensor Tower x2  
  184  9:23  Marine x2  
  186  9:27  Siege Tank  
  186  9:28  Barracks Reactor  
  186  9:30  Marine x5  
  194  9:43  Marine x2, Siege Tank  
  194  9:44  Barracks Reactor  
  199  9:48  Refinery x2  
  199  9:53  Marine  
Spawning Tool Build Advisor. Get it on Overwolf

Go to:

Details

  • Created by: Luye
  • Published on: Jan 27, 2020
  • Modified on: Jan 27, 2020
  • Patch: 4.11.0
Show
View Real Time Build Order
Export as new Build Order

Comments (2)

On May 15, 2020, 3:52 p.m., boo1ka  said:

Awesome dude, thanks a lot! The build and, more importantly, the explanation is perfect. Good work)

On Feb. 1, 2020, 12:03 p.m., Luye  said:

All credit to BeastyQT. I just wanted a build order I could practice, so I exported a build order from his replay. https://lotv.spawningtool.com/55662/

Create an account to comment!